 Dungeon Crawl Stone Soup version 0.23-a0-310-gdcc7a32 (webtiles) character file.

1347 Amnesiac the Geomancer (level 8, -2/51 (57) HPs)
             Began as a Ghoul Earth Elementalist on Oct 12, 2018.
             Slain by an orc warrior
             ... wielding a +0 dire flail
              (23 damage)
             ... on level 6 of the Dungeon.
             The game lasted 00:18:38 (4902 turns).

Amnesiac the Geomancer (Ghoul Earth Elementalist)   Turns: 4902, Time: 00:18:39

HP:   -2/51 (57)    AC:  4    Str: 12    XL:     8   Next: 62%
MP:   3/22          EV: 12    Int: 12    God:
Gold: 231           SH:  0    Dex:  9    Spells: 0/15 levels left

rFire    . . .     SeeInvis .   v - +0 scimitar
rCold    + . .     Gourm    .   (no shield)
rNeg     + + +     Faith    .   c - +0 robe
rPois    ∞         Spirit   .   f - +0 helmet
rElec    .         Reflect  .   a - +0 cloak
rCorr    +         Harm     .   (no gloves)
MR       .....                  (no boots)
Stlth    ++........             l - amulet of the acrobat
HPRegen  0.00/turn              k - ring of resist corrosion
MPRegen  0.18/turn              w - ring of magical power

@: starving, rotting
A: rotting body, claws 1, carnivore, cold resistance 1, negative energy
resistance 3, inhibited regeneration, torment resistance, unbreathing
a: no special abilities


You were on level 6 of the Dungeon.
You were starving.

You visited 1 branch of the dungeon, and saw 6 of its levels.
You also visited: Sewer.

You collected 231 gold pieces.

Inventory:

Hand Weapons
 v - a +0 scimitar (weapon)
Armour
 a - a +0 cloak (worn)
 c - a +0 robe (worn)
 f - a +0 helmet (worn)
 y - a +0 buckler
Jewellery
 k - a ring of resist corrosion (left claw)
 l - an amulet of the acrobat (around neck)
 w - a ring of magical power (right claw)
Wands
 s - a wand of flame (29)
 u - a wand of disintegration (10)
Scrolls
 g - a scroll of remove curse {!r}
 h - 3 scrolls of teleportation {!r}
 i - a scroll of enchant armour {!r}
 j - a scroll of fog {!r}
 o - a scroll of enchant weapon {!r}
 q - 2 scrolls of identify {!r}
Potions
 m - a potion of agility {!q}
 n - 3 potions of flight {!q}
 p - a potion of might {!q}
 r - a potion of ambrosia {!q}
Comestibles
 d - 6 rations


   Skills:
 - Level 0.1 Fighting
 - Level 1.7 Dodging
 - Level 2.1 Stealth
 + Level 3.0 Shields
 + Level 4.2 Spellcasting
 - Level 0.8 Transmutations
 * Level 9.7 Earth Magic


You couldn't memorise any spells.
You knew the following spells:

 Your Spells              Type           Power        Failure   Level  Hunger
a - Lee's Rapid Deconstr  Erth           ####......   11%         5    ######.
b - Passwall              Tmut/Erth      ###.....     3%          2    ##.....
c - Stone Arrow           Conj/Erth      ##....       9%          3    ###....
d - Sandblast             Erth           ####..       1%          1    None
e - Petrify               Tmut/Erth      ###.....     24%         4    ####...

Your spell library contained the following spells:

 Spells                   Type           Power        Failure   Level  Hunger
 Magic Dart               Conj           #...         22%         1    None
 Searing Ray              Conj           #.....       32%         2    ##.....
 Dazzling Spray           Conj/Hex       #.....       54%         3    ###....
 Force Lance              Conj/Tloc      #.......     91%         4    ####...
 Fulminant Prism          Conj/Hex       #.........   91%         4    ####...
 Iskenderun's Mystic Bla  Conj           #.......     91%         4    ####...


Dungeon Overview and Level Annotations

Branches:
Dungeon (6/15)
 Temple: D:4-7

Altars:
Nemelex Xobeh
Okawaru
Trog
Uskayaw
The Shining One

Shops:
D:4 =

Annotations:
D:5 2 transporters, Edmund


Innate Abilities, Weirdness & Mutations

Your body is rotting away.
You thrive on raw meat.
You are immune to poison.
You have sharp fingernails.
You are carnivorous and can eat meat at any time.
Your flesh is cold resistant. (rC+)
You are immune to negative energy. (rN+++)
You do not regenerate when monsters are visible.
You are immune to unholy pain and torment.
You can survive without breathing.


Message History

The blast of rock fragments hits the orc warrior.
The blast of rock fragments hits the bullfrog.
The bullfrog is almost dead.
The blast of rock fragments hits the orc.
The orc is almost dead.
You are near starving!
The orc completely misses you.
You riposte.
You closely miss the orc.
The orc is almost dead.
Unknown command.
Casting: Lee's Rapid Deconstruction (slightly dangerous; 12% risk of failure)
Confirm with . or Enter, or press ? or * to list all spells.
Aiming: Lee's Rapid Deconstruction (slightly dangerous; 12% risk of failure)
Press: ? - help, Dir - move target cursor A rock wall.
The wall shatters!
The blast of rock fragments hits the orc warrior.
The orc warrior is moderately wounded.
The blast of rock fragments hits the bullfrog.
You kill the bullfrog!
The blast of rock fragments hits the orc.
You kill the orc!
You are starving!
Unknown command.
Casting: Lee's Rapid Deconstruction (slightly dangerous; 11% risk of failure)
Confirm with . or Enter, or press ? or * to list all spells.
Aiming: Lee's Rapid Deconstruction (slightly dangerous; 11% risk of failure)
Press: ? - help, Dir - move target cursor A rock wall.
The wall shatters!
Your Shields skill increases to level 3!
You feel a bit more experienced.
The blast of rock fragments hits the orc warrior.
The orc warrior is heavily wounded.
The orc warrior closely misses you.
Unknown command.
Casting: Lee's Rapid Deconstruction (slightly dangerous; 11% risk of failure)
Confirm with . or Enter, or press ? or * to list all spells.
Aiming: Lee's Rapid Deconstruction (slightly dangerous; 11% risk of failure)
Press: ? - help, Dir - move target cursor A rock wall.
The wall shatters!
The blast of rock fragments hits the orc warrior.
The orc warrior is heavily wounded.
The orc warrior hits you with a dire flail.
Unknown command.
You feel your flesh rotting away.
Evoke which item? (* to show all) (? for menu, Esc to quit)
That's the wrong kind of item! (Use * to select it.) Evoke which item? (* to show all) (? for menu, Esc to quit)
Okay, then.
Evoke which item? (* to show all) (? for menu, Esc to quit)
Aiming: Disintegrate
Press: ? - help, Shift-Dir - straight line, f - orc warrior
Aim: an orc warrior, wielding a dire flail and wearing a plate armour (heavily The orc warrior is blasted.
The orc warrior hits you with a dire flail!!
* * * LOW HITPOINT WARNING * * *
Evoke which item? (* to show all) (? for menu, Esc to quit)
Aiming: Disintegrate
Press: ? - help, Shift-Dir - straight line, f/p - orc warrior
Aim: an orc warrior, wielding a dire flail and wearing a plate armour (almost The orc warrior struggles to resist.
The orc warrior hits you with a dire flail!!
You die...

####### #.....# #..... #.... ...
#'# #)# #####o# #...@.# #.#
#.##### #.# #.# #.# #.#. #####
... #.#.. #...# #.# #....#######
#.<.# #.##########........# #...#
#.##................+ #...#
#+##.##.########.......####...###


You could see an orc warrior.

Vanquished Creatures
  A sky beast (D:5)
  An ice beast (D:6)
  A phantom (D:4)
  An ogre (D:5)
  A centaur (D:6)
  Blork the orc (D:5)
  2 bullfrogs (D:6)
  2 scorpions (D:4)
  A bullfrog zombie (D:6)
  5 orc priests
  A hound (D:5)
  A centaur skeleton (D:5)
  3 orc wizards
  An iguana (D:4)
  2 worker ants (D:4)
  A killer bee zombie (D:6)
  3 gnolls
  5 adders
  A shadow imp (D:6)
  5 oozes (Sewer)
  7 worms
  2 dart slugs
  5 leopard geckos
  8 orcs
  12 bats
  3 giant cockroaches
  3 hobgoblins
  12 jackals
  A quokka (D:3)
  3 ball pythons
  A ball python skeleton (D:4)
  3 frilled lizards
  2 goblins
  A jackal skeleton (D:6)
  A kobold (D:3)
  A leopard gecko skeleton (D:4)
  A quokka skeleton (D:6)
  3 rats
108 creatures vanquished.

Notes
Turn   | Place    | Note
-------+----------+-------------------------------------------
     0 | D:1      | Amnesiac the Ghoul Earth Elementalist began the quest for
                  | the Orb.
     0 | D:1      | Reached XP level 1. HP: 14/14 MP: 2/2
    77 | D:1      | Reached XP level 2. HP: 10/20 MP: 4/4
   182 | D:1      | Reached skill level 4 in Earth Magic
   421 | D:2      | Reached XP level 3. HP: 19/26 MP: 5/5
   573 | D:3      | Reached XP level 4. HP: 15/33 MP: 2/6
   581 | D:3      | Learned a level 2 spell: Passwall
   810 | D:3      | Found a glowing golden altar of the Shining One.
   990 | D:3      | Reached skill level 5 in Earth Magic
  1049 | D:3      | HP: 1/33 [gnoll/flail (11)]
  1240 | D:4      | Found Kiol's Jewellery Boutique.
  1343 | D:4      | Reached XP level 5. HP: 22/38 MP: 0/8
  1424 | D:5      | Entered Level 5 of the Dungeon
  1548 | D:5      | Found a transporter.
  1572 | D:5      | Found an iron altar of Okawaru.
  1598 | D:5      | Found a hide-covered altar of Uskayaw.
  1600 | D:5      | Found a sparkling altar of Nemelex Xobeh.
  1612 | D:5      | Reached skill level 6 in Earth Magic
  1613 | D:5      | Noticed a sky beast
  1663 | D:5      | Killed a sky beast
  1663 | D:5      | Reached XP level 6. HP: 32/45 MP: 0/9
  1699 | D:5      | Found a bloodstained altar of Trog.
  1842 | D:5      | Noticed Blork the orc
  1848 | D:5      | Killed Blork the orc
  1848 | D:5      | Reached skill level 7 in Earth Magic
  1884 | D:5      | Found a transporter.
  1935 | D:4      | Noticed a phantom
  1960 | D:5      | Learned a level 5 spell: Lee's Rapid Deconstruction
  2089 | D:5      | Reached XP level 7. HP: 50/50 MP: 1/10
  2141 | D:5      | Found a glowing drain.
  2150 | Sewer    | Entered a sewer
  2519 | Sewer    | Reached skill level 8 in Earth Magic
  2932 | D:5      | Noticed Edmund
  3107 | D:4      | Reached skill level 1 in Shields
  3196 | D:4      | Learned a level 4 spell: Petrify
  4064 | D:6      | Reached XP level 8. HP: 57/57 MP: 12/12
  4111 | D:6      | Reached skill level 9 in Earth Magic
  4719 | D:6      | Learned a level 3 spell: Stone Arrow
  4902 | D:6      | Slain by an orc warrior

Vault maps used:
D:1:      dpeg_arrival_rhombi
D:2:      kennysheep_slug_shrine, first_ration, elyvilon_altar_4
D:3:      marbit_many_paths
D:4:      serial_shops, shop, small_statue_intersection, grunt_ministairs_3
D:5:      gammafunk_temple_overflow_arena, bloody_trog,
          cheibrodos_sewer_entry_bend, lemuel_statue_altar, uniq_edmund,
          uniq_blork_the_orc
D:6:      grunt_ministairs_14, hex_intersection
Sewer:    sewer_fruit_machine

Skill      XL: |  1  2  3  4  5  6  7  8 |
---------------+-------------------------+-----
Spellcasting   | 2 3 4 |  4.2
Earth Magic    | 4 5 6 7 8 9 |  9.7
Shields        | 1 3 |  3.0
Fighting       | |  0.1
Dodging        | |  1.7
Stealth        | |  2.1
Transmutations | |  0.8

Action                   |  1- 3 |  4- 6 |  7- 9 || total
-------------------------+-------+-------+-------++-------
Melee: Unarmed           |   115 |    94 |       ||   209
       Scimitar          |       |    10 |   172 ||   182
 Cast: Sandblast         |    14 |    63 |    33 ||   110
       Passwall          |       |    13 |     6 ||    19
       Lee's Rapid Decon |       |       |    25 ||    25
       Petrify           |       |       |     1 ||     1
Evoke: Wand              |       |       |     3 ||     3
  Use: Scroll            |     2 |     4 |     9 ||    15
       Potion            |       |     2 |     3 ||     5
 Stab: Sleeping          |       |     1 |       ||     1
       Petrified         |       |       |    12 ||    12
  Eat: Chunk             |    17 |    18 |    17 ||    52
Armor: Robe              |    58 |    36 |    75 ||   169
Dodge: Dodged            |   120 |   127 |   252 ||   499
       Rpst.: Scimitar   |       |     1 |    89 ||    90

Table legend:
 A = Non-vault XP
 B = Vault XP
 C = Vault XP percentage of total XP
 D = Non-vault monster count
 E = Vault monster count
 F = Vault count percentage of total count
                 A         B        C        D         E       F
            +---------+---------+-------+---------+---------+-------
      Total |    1730 |     195 |  10.1 |      78 |      30 |  27.8
            +---------+---------+-------+---------+---------+-------
        D:1 |      30 |       0 |   0.0 |      11 |       0 |   0.0
        D:2 |       6 |       0 |   0.0 |       3 |       0 |   0.0
        D:3 |      99 |       0 |   0.0 |      17 |       0 |   0.0
        D:4 |     528 |       0 |   0.0 |      24 |       0 |   0.0
        D:5 |     333 |     105 |  24.0 |       4 |       4 |  50.0
        D:6 |     734 |       0 |   0.0 |      19 |       0 |   0.0
      Sewer |       0 |      90 | 100.0 |       0 |      26 | 100.0
            +---------+---------+-------+---------+---------+-------
